 Dungeon Sprint DCSS version 0.30-a0-618-gd6c86c23d0 (webtiles) character file.

Game seed: 7700475232208815056

5477 NinjaNoafa the Sage (level 10, -2/132 HPs)
             Began as an Ogre Transmuter on Jan 10, 2023.
             Was a High Priest of Sif Muna.
             Slain by a shadow (31 damage)
             ... in the Dungeon (Sprint VII: "The Pits").
             The game lasted 00:12:26 (1968 turns).

NinjaNoafa the Sage (Ogre Transmuter)               Turns: 1968, Time: 00:12:27

Health: -2/132     AC: 10    Str: 16    XL:     10   Next: 69%
Magic:  7/20       EV: 12    Int: 21    God:    Sif Muna [*****.]
Gold:   0          SH:  0    Dex: 12    Spells: 9/21 levels left

rFire   x . .      SeeInvis .      - Unarmed
rCold   + + +      Faith    .    (shield currently unavailable)
rNeg    . . .      Spirit   .    (body armour currently unavailable)
rPois   +          Reflect  .    (helmet currently unavailable)
rElec   .          Harm     .    (cloak currently unavailable)
rCorr   .          Rampage  .    (gloves unavailable)
Will    +....      NoTele   +    (boots unavailable)
Stlth   +                        (no amulet)
HPRegen 0.42/turn                g - +3 ring of dexterity
MPRegen 0.17/turn                m - +3 ring of intelligence

@: ice-form
A: freezing attack, amphibious, boosted hp, large, unfitting armour, (tough skin
1)
a: End Transformation, Renounce Religion, Channel Magic, Forget Spell, Divine
Exegesis


You were in the Dungeon.
You worshipped Sif Muna.
Sif Muna was extremely pleased with you.
You were a creature of crystalline ice.
You visited 1 branch

Inventory:

Armour
 a - a +0 robe (melded)
Jewellery
 g - a +3 ring of dexterity (left front paw)
 m - a +3 ring of intelligence (right front paw)
Scrolls
 h - a scroll of blinking
 j - 3 scrolls of amnesia
 k - a scroll of butterflies
 l - 2 scrolls of vulnerability
Potions
 c - 6 potions of curing
 d - 9 potions of heal wounds
 e - a potion of haste
 f - 4 potions of magic
 i - 2 potions of invisibility
 n - a potion of berserk rage
 o - a potion of resistance
 p - a potion of mutation


   Skills:
 - Level 10.0 Fighting
 - Level 8.0 Dodging
 - Level 10.0 Unarmed Combat
 - Level 6.0 Spellcasting
 - Level 10.0 Transmutations
 - Level 7.0 Ice Magic
 - Level 7.0 Poison Magic
 + Level 13.4 Invocations


You had 9 spell levels left.
You knew the following spells:

 Your Spells              Type           Power      Damage    Failure   Level
a - Beastly Appendage     Tmut           96%        N/A       1%          1
b - Wereblood             Tmut           48%        N/A       1%          2
c - Ice Form              Ice/Tmut       42%        N/A       3%          4
d - Blade Hands           Tmut           24%        N/A       4%          5

Your spell library contained the following spells:

 Spells                   Type           Power      Damage    Failure   Level
 Sting                    Tmut/Pois      100%       1d8       1%          1
 Spider Form              Tmut/Pois      42%        N/A       1%          3
 Ignite Poison            Fire/Tmut/Pois 30%        N/A       3%          3
 Alistair's Intoxication  Tmut/Pois      28%        N/A       9%          5
 Petrify                  Tmut/Erth      27%        N/A       12%         4
 Scorch                   Fire           12%        2d5       14%         2
 Dazzling Flash           Conj/Hex       12%        N/A       28%         3
 Inner Flame              Hex/Fire       6%         N/A       28%         3
 Portal Projectile        Hex/Tloc       12%        N/A       28%         3
 Tukima's Dance           Hex            6%         N/A       28%         3
 Irradiate                Conj/Tmut      13%        3d16      34%         5
 Leda's Liquefaction      Hex/Erth       3%         N/A       67%         4
 Sticky Flame             Conj/Fire      6%         2d3       67%         4
 Dragon Form              Tmut           24%        N/A       80%         7
 Lightning Bolt           Conj/Air       3%         1d14      95%         5
 Silence                  Hex/Air        3%         N/A       95%         5
 Storm Form               Tmut/Air       13%        N/A       100%        7
 Chain Lightning          Conj/Air       3%         3d4       100%        9


Dungeon Overview and Level Annotations

Branches:
Dungeon (1/1)

Altars:
Ashenzari
Cheibriados
Dithmenos
Elyvilon
Fedhas
Gozag
Hepliaklqana
Kikubaaqudgha
Makhleb
Nemelex Xobeh
Okawaru
Qazlal
Ru
Sif Muna
Trog
Uskayaw
Vehumet
Wu Jian
Xom
Yredelemnul
Zin
The Shining One
Jiyva
Lugonu


Innate Abilities, Weirdness & Mutations

You are a creature of crystalline ice.
You have a powerful freezing melee attack.
You are amphibious.
Your maximum health is increased.
Your armour is entirely melded.
You are incapable of wielding weapons or throwing items.
You are too large for most types of armour.
((You have tough skin. (AC +1)))


Message History

Training target 7.0 for Poison Magic reached!
Training target 10.0 for Unarmed Combat reached!
Your Unarmed Combat skill gained 2 levels and is now at level 10!
Your Poison Magic skill gained 2 levels and is now at level 7!
Your Invocations skill increases to level 12!
Cast which spell? (? or * to list)
You turn into a creature of crystalline ice.
Your +0 robe melds into your body.
The shadow slips into darkness.
The shadow flickers and vanishes!
Deactivating autopickup; reactivate with Ctrl-A.
The dream sheep bites you.
You barely miss the dream sheep.
The dream sheep is almost dead.
The dream sheep bites you.
You hit the dream sheep but do no damage.
The dream sheep is almost dead.
You punch the dream sheep! You freeze the dream sheep.
The dream sheep is severely wounded.
The dream sheep misses you. The dream sheep bites you.
You hit the dream sheep but do no damage.
The dream sheep is almost dead.
The shadow strikes at you from the darkness!
* * * LOW HITPOINT WARNING * * *
Reactivating autopickup.
You pummel the dream sheep!! You freeze the dream sheep.
You kill the dream sheep!
Sif Muna accepts your kill.
The dream sheep bites you but does no damage.
The shadow hits you.
Your Invocations skill increases to level 13!
You pummel the dream sheep!! You freeze the dream sheep.
You kill the dream sheep!
Sif Muna accepts your kill.
The shadow slips into darkness.
The shadow flickers and vanishes!
Deactivating autopickup; reactivate with Ctrl-A.
You pummel something!!
The shadow strikes at you from the darkness!
You die...

.....##..')..# ...
.....##..#)..#.. .
.....##..#...#.#####
#######..#####.+...#
#######...))...#†..+
#..[[##........#...
#...[###+###)..#.. .
'..))##....'...#†###...#
#..))##....#....Y†.....#
#..))##....#.....{.....+
########################


There were no monsters in sight!

Vanquished Creatures
  A boulder beetle (D)
  A flayed ghost (D)
  A phantasmal warrior (D)
  A cane toad (D)
  2 ice devils (D)
  A troll (D)
  A tarantella (D)
  5 dream sheep (D)
  2 water elementals (D)
  4 yaks (D)
  A wyvern (D)
  Edmund (D)
  A water moccasin (D)
  A floating eye (D)
  An orc warrior (D)
  2 centaurs (D)
  A gnoll sergeant (D)
  A gnoll bouda (D)
  An iron imp (D)
  An iguana (D)
  6 gnolls (D)
  An adder (D)
  A river rat (D)
  2 orcs (D)
  4 bats (D)
  A goblin (D)
  A hobgoblin (D)
  A quokka (D)
  A frilled lizard (D)
  2 rats (D)
50 creatures vanquished.

Notes
Turn   | Place    | Note
-------+----------+-------------------------------------------
     0 | D        | NinjaNoafa the Ogre Transmuter began the quest for the Orb.
     0 | D        | Reached XP level 1. HP: 19/19 MP: 3/3
    50 | D        | Found a bloodstained altar of Trog.
    50 | D        | Found a shimmering blue altar of Sif Muna.
    50 | D        | Found a viscous altar of Jiyva.
    50 | D        | Found a hazy altar of Hepliaklqana.
    50 | D        | Found an opulent altar of Gozag.
    51 | D        | Found a glowing golden altar of the Shining One.
    51 | D        | Found a glowing silver altar of Zin.
    51 | D        | Found a basalt altar of Yredelemnul.
    51 | D        | Found a shimmering altar of Xom.
    51 | D        | Found an ornate altar of the Wu Jian Council.
    51 | D        | Found a sacrificial altar of Ru.
    51 | D        | Found a stormy altar of Qazlal.
    51 | D        | Found an iron altar of Okawaru.
    51 | D        | Found a sparkling altar of Nemelex Xobeh.
    51 | D        | Found a burning altar of Makhleb.
    51 | D        | Found a blossoming altar of Fedhas.
    51 | D        | Found a white marble altar of Elyvilon.
    51 | D        | Found a shadowy altar of Dithmenos.
    51 | D        | Found a snail-covered altar of Cheibriados.
    52 | D        | Found a radiant altar of Vehumet.
    52 | D        | Found a corrupted altar of Lugonu.
    53 | D        | Found a hide-covered altar of Uskayaw.
    53 | D        | Found an ancient bone altar of Kikubaaqudgha.
    53 | D        | Found a broken altar of Ashenzari.
    56 | D        | Became a worshipper of Sif Muna the Loreminder
    70 | D        | Reached skill level 1 in Invocations
    70 | D        | Reached XP level 2. HP: 21/29 MP: 3/6
    75 | D        | Reached * piety under Sif Muna
    76 | D        | Reached skill level 2 in Invocations
   113 | D        | Learned a level 2 spell: Wereblood
   132 | D        | Noticed a floating eye
   135 | D        | Paralysed by a floating eye for 3 turns
   139 | D        | Killed a floating eye
   140 | D        | Reached skill level 5 in Fighting
   140 | D        | Reached skill level 5 in Spellcasting
   140 | D        | Reached skill level 3 in Invocations
   140 | D        | Reached XP level 3. HP: 42/42 MP: 3/9
   140 | D        | Reached XP level 4. HP: 50/50 MP: 3/11
   140 | D        | Reached XP level 5. HP: 57/57 MP: 3/12
   140 | D        | Noticed a water moccasin
   145 | D        | Reached ** piety under Sif Muna
   146 | D        | Reached skill level 4 in Invocations
   151 | D        | Killed a water moccasin
   152 | D        | Reached skill level 5 in Unarmed Combat
   152 | D        | Reached skill level 5 in Transmutations
   152 | D        | Reached skill level 5 in Invocations
   152 | D        | Reached XP level 6. HP: 53/68 MP: 4/13
   345 | D        | Noticed Edmund
   353 | D        | Killed Edmund
   353 | D        | Reached *** piety under Sif Muna
   354 | D        | Reached skill level 5 in Dodging
   354 | D        | Reached skill level 6 in Invocations
   360 | D        | Reached **** piety under Sif Muna
   381 | D        | Reached skill level 7 in Invocations
   381 | D        | Reached XP level 7. HP: 45/78 MP: 14/14
   481 | D        | Noticed an ice devil
   489 | D        | Killed an ice devil
   490 | D        | Reached skill level 8 in Invocations
   650 | D        | Reached ***** piety under Sif Muna
   652 | D        | Received a gift from Sif Muna
   655 | D        | Got Sif Muna's Papyrus of Cunning Degeneration {god gift}
   678 | D        | Learned a level 4 spell: Ice Form
   779 | D        | Noticed a phantasmal warrior
   779 | D        | Noticed a wyvern
   785 | D        | Killed a wyvern
   786 | D        | Reached XP level 8. HP: 87/87 MP: 8/15
   797 | D        | Killed a phantasmal warrior
   798 | D        | Reached skill level 10 in Transmutations
   798 | D        | Reached skill level 10 in Invocations
  1068 | D        | Noticed a yak
  1068 | D        | Noticed an ice devil
  1068 | D        | Noticed a yak
  1070 | D        | Noticed a yak
  1074 | D        | Killed a yak
  1075 | D        | Noticed a yak
  1101 | D        | Killed an ice devil
  1102 | D        | Reached XP level 9. HP: 47/97 MP: 15/18
  1439 | D        | Noticed a flayed ghost
  1448 | D        | Killed a flayed ghost
  1448 | D        | Received a gift from Sif Muna
  1449 | D        | Reached skill level 10 in Fighting
  1459 | D        | Got Sif Muna's Secrets of Weather and the Pyromaniac {god
                  | gift}
  1481 | D        | Learned a level 3 spell: Spider Form
  1485 | D        | Learned a level 3 spell: Ignite Poison
  1537 | D        | Noticed a troll
  1539 | D        | Noticed a cane toad
  1539 | D        | Noticed a tarantella
  1541 | D        | Killed a tarantella
  1541 | D        | Received a gift from Sif Muna
  1544 | D        | Killed a troll
  1545 | D        | Reached XP level 10. HP: 82/110 MP: 10/19
  1549 | D        | Killed a cane toad
  1550 | D        | Reached skill level 5 in Poison Magic
  1550 | D        | Reached skill level 11 in Invocations
  1552 | D        | Got Xajo's Writings on Ouranomancy and Moulding {god gift}
  1782 | D        | Learned a level 5 spell: Blade Hands
  1954 | D        | Noticed a boulder beetle
  1960 | D        | Killed a boulder beetle
  1960 | D        | Reached ****** piety under Sif Muna
  1961 | D        | Reached skill level 10 in Unarmed Combat
  1961 | D        | Reached skill level 12 in Invocations
  1967 | D        | Reached skill level 13 in Invocations
  1968 | D        | Slain by a shadow

Illustrated notes

Levels and vault maps discovered:
D:        pitsprint [storerooms_1, entrance_room_1, metal_vault_8, armoury_3,
          mini_pit_1, grid_room_1, main_hall_1, silver_pit, the_coven_3,
          the_vestibule_1, steel_vault_2, golden_pit, hallway_of_sentries,
          crystal_vault_2, iron_vault_5, final_vault]

Skill      XL: |  1  2  3  4  5  6  7  8  9 10 |
---------------+-------------------------------+-----
Transmutations | 2 4 5 6 8 10 | 10.0
Fighting       | 2 5 6 7 8 10 | 10.0
Dodging        | 2 3 4 5 6 8 |  8.0
Unarmed Combat | 3 4 5 6 8 10 | 10.0
Spellcasting   | 3 5 6 |  6.0
Invocations    | 1 3 5 7 8 10 13 | 13.4
Ice Magic      | 4 7 |  7.0
Poison Magic   | 4 7 |  7.0

Action                   |  1- 3 |  4- 6 |  7- 9 | 10-12 || total
-------------------------+-------+-------+-------+-------++-------
Melee: Unarmed           |    10 |    29 |    99 |    17 ||   155
       Headbutt          |     4 |     7 |     7 |       ||    18
       Kick              |     6 |     4 |     9 |       ||    19
       Punch             |       |     1 |     4 |       ||     5
 Cast: Beastly Appendage |     3 |     2 |     3 |       ||     8
       Wereblood         |     1 |     1 |     5 |     1 ||     8
       Ice Form          |       |       |     3 |     3 ||     6
       Ignite Poison     |       |       |     2 |       ||     2
       Spider Form       |       |       |     1 |       ||     1
       Blade Hands       |       |       |       |     2 ||     2
       Chain Lightning   |       |       |       |     1 ||     1
Invok: Divine Exegesis   |       |       |       |     1 ||     1
  Use: Potion            |     1 |     1 |     9 |       ||    11
       Scroll            |       |       |       |     2 ||     2
Armor: Robe              |     1 |     2 |     2 |     2 ||     7
       Skin              |       |       |    48 |     3 ||    51
Dodge: Dodged            |     5 |    11 |    75 |     6 ||    97

Table legend: (Time is in decaauts)
 A = Elapsed time spent in this place.
 B = Non-inter-level travel time spent in this place.
 C = Inter-level travel time spent in this place.
 D = Time resting spent in this place.
 E = Time spent auto-exploring this place.
 F = Levels seen in this place.
 G = Mean time per level.
                   A        B        C        D        E       F      G
               +--------+--------+--------+--------+--------+-----+--------+
         Total |   1987 |   1966 |     21 |   1033 |    542 |   1 | 1987.0 |
       Dungeon |   1987 |   1966 |     21 |   1033 |    542 |   1 | 1987.0 |
               +--------+--------+--------+--------+--------+-----+--------+

Top non-repeatable levels by time:
       D: 1987 daAuts
